[Event "ICC tourney 2883 (40 5)"]
[Site "Internet Chess Club"]
[Date "2022.04.16"]
[Round "3"]
[White "WANG, JACOB S:JACOBCHESS857"]
[Black "WU, WINSTON:K01-30022609"]
[Result "1-0"]
[ICCResult "Black checkmated"]
[WhiteElo "1397"]
[BlackElo "1428"]
[Opening "French: advance, Euwe variation"]
[ECO "C02"]
[NIC "FR.03"]
[Time "15:00:31"]
[PlyCount "85"]
[TimeControl "2400+5"]

1. e4 e6 2. d4 d5 3. e5 c5 4. c3 Nc6 5. Nf3 Bd7 6. Be2 Nge7 7. O-O Rc8 8.
Bg5 Qb6 9. Qd2 Nf5 10. Be3 Be7 11. dxc5 Bxc5 12. Bxc5 Qxc5 13. Na3 d4 14.
cxd4 Nfxd4 15. Nxd4 Nxd4 16. Qe3 O-O 17. Bd3 Qb6 18. Rfd1 Qxb2 19. Nc4 Rxc4
20. Bxc4 Nc2 21. Qc1 Qc3 22. Rb1 Qxc4 23. Rxd7 Qa4 24. Rdxb7 Nd4 25. Kh1
Qxa2 26. Rb8 Qd5 27. Rxf8+ Kxf8 28. Qc8+ Ke7 29. Rb7+ Qxb7 30. Qxb7+ Kd8 31.
Qb8+ Kd7 32. Qxa7+ Kc8 33. Qxd4 f6 34. Qa7 fxe5 35. Kg1 e4 36. Kf1 e5 37.
Ke2 g5 38. Kd2 e3+ 39. Kxe3 h6 40. Ke4 h5 41. Kd5 Kd8 42. Kd6 Ke8 43. Qe7#
{Black checkmated}
1-0

[Event "ICC tourney 2883 (40 5)"]
[Site "Internet Chess Club"]
[Date "2022.04.16"]
[Round "3"]
[White "VIDENA, DANIEL TUAPEN:Davide25"]
[Black "Kobanenko, Mikhail:LightArt"]
[Result "1-0"]
[ICCResult "Black resigns"]
[WhiteElo "1674"]
[BlackElo "1568"]
[Opening "Nimzo-Indian: classical variation"]
[ECO "E32"]
[NIC "NI.24"]
[Time "15:00:10"]
[PlyCount "103"]
[TimeControl "2400+5"]

1. d4 Nf6 2. c4 e6 3. Nc3 Bb4 4. Qc2 O-O 5. e4 Bxc3+ 6. bxc3 d6 7. Bd3 e5 8.
Ne2 b6 9. O-O Re8 10. Bg5 h6 11. Bh4 Nbd7 12. f3 Ba6 13. Bf2 Bb7 14. c5 bxc5
15. dxc5 Nxc5 16. Bxc5 dxc5 17. Rfd1 Qe7 18. Rab1 Bc6 19. Bb5 Bxb5 20. Rxb5
a6 21. Ra5 Reb8 22. Qa4 Rb2 23. Kf1 Qe6 24. Qa3 Rab8 25. Rxa6 Qc4 26. Re1
Nh5 27. Ra4 Qd3 28. c4 Qc2 29. g3 Kh7 30. Ra5 Nf6 31. Rxc5 Rxa2 32. Qc3 Qxc3
33. Nxc3 Rxh2 34. Rxc7 Rb3 35. Re3 Rc2 36. Nd1 Rb1 37. Rd3 Rbc1 38. Ke1 Rxc4
39. Rxf7 Kg6 40. Re7 Rc5 41. Re6 Kg5 42. Re7 Nh5 43. Rd5 Rxd5 44. exd5 Kf6
45. Re6+ Kf7 46. Rxe5 Nxg3 47. d6 Rc8 48. Kf2 Nh1+ 49. Kg2 Rc1 50. Rd5 Ke6
51. d7 Rc2+ 52. Kxh1 {Black resigns} 1-0

[Event "ICC tourney 2883 (40 5)"]
[Site "Internet Chess Club"]
[Date "2022.04.16"]
[Round "4"]
[White "PU, LANDON:landonp"]
[Black "WILLY, STEPHEN:stephenwilly"]
[Result "0-1"]
[ICCResult "White resigns"]
[WhiteElo "1643"]
[BlackElo "1809"]
[Opening "Petrov's defense"]
[ECO "C42"]
[NIC "RG.03"]
[Time "17:00:07"]
[PlyCount "30"]
[TimeControl "2400+5"]

1. e4 e5 2. Nf3 Nf6 3. Nxe5 Nc6 4. Nxc6 dxc6 5. d3 Bc5 6. c3 Nxe4 7. d4 O-O
8. f3 Qh4+ 9. g3 Nxg3 10. hxg3 Qxh1 11. dxc5 Bh3 12. Qe2 Rfe8 13. Be3 Bxf1
14. Qxf1 Rxe3+ 15. Kf2 Rxf3+ {White resigns} 0-1

[Event "ICC tourney 2883 (40 5)"]
[Site "Internet Chess Club"]
[Date "2022.04.16"]
[Round "4"]
[White "Doan Giang, Nguyen Doan:Doctorstrange04"]
[Black "AKULA, MAHIT:Judtyr123"]
[Result "1-0"]
[ICCResult "Black resigns"]
[WhiteElo "1821"]
[BlackElo "1446"]
[Opening "Queen's pawn, Mason variation"]
[ECO "D00"]
[NIC "QP.08"]
[Time "17:00:28"]
[PlyCount "71"]
[TimeControl "2400+5"]

1. d4 d5 2. Bf4 Nf6 3. e3 c5 4. c3 Nc6 5. Nd2 e6 6. Ngf3 Bd6 7. Bg3 O-O 8.
Bd3 b6 9. Ne5 Bb7 10. f4 Qc7 11. O-O Ne7 12. Bh4 Ne4 13. Bxe7 Qxe7 14. Qc2
f6 15. Nef3 cxd4 16. exd4 Bxf4 17. Nxe4 dxe4 18. Bxe4 Bxe4 19. Qxe4 Bd6 20.
Rae1 Rae8 21. Nd2 Qc7 22. Qh4 e5 23. d5 Qc5+ 24. Kh1 Qxd5 25. Ne4 Be7 26.
Rd1 Qe6 27. Ng3 Rd8 28. Qa4 a5 29. Nf5 Bc5 30. Qg4 Qf7 31. Nh6+ Kh8 32.
Nxf7+ Rxf7 33. Rxd8+ Bf8 34. Qe6 Kg8 35. Rd7 Kh8 36. Qxf7 {Black resigns}
1-0

[Event "ICC tourney 2883 (40 5)"]
[Site "Internet Chess Club"]
[Date "2022.04.16"]
[Round "4"]
[White "CHENG, ADRIEN WEIHENG:hi321"]
[Black "GRESEN, EVAN MICHAEL:EVMIGR"]
[Result "1-0"]
[ICCResult "Black resigns"]
[WhiteElo "1579"]
[BlackElo "1566"]
[Opening "Sicilian: Canal-Sokolsky attack, 3...Bd7"]
[ECO "B52"]
[NIC "SI.01"]
[Time "17:00:10"]
[PlyCount "75"]
[TimeControl "2400+5"]

1. e4 c5 2. Nf3 d6 3. Bb5+ Bd7 4. Bxd7+ Qxd7 5. O-O Nf6 6. Re1 Nc6 7. Nc3 e6
8. d3 Be7 9. Bf4 O-O 10. Qd2 Nh5 11. Bg3 Nxg3 12. fxg3 Bf6 13. g4 Nd4 14.
Rf1 d5 15. g5 Nxf3+ 16. Rxf3 dxe4 17. Nxe4 Bxb2 18. Raf1 Be5 19. Kh1 Qd5 20.
Qf2 Bd4 21. Qh4 c4 22. Rh3 f5 23. gxf6 h6 24. Rg3 Rf7 25. Qxh6 Qd7 26. Rxg7+
Rxg7 27. fxg7 Bxg7 28. Nf6+ Bxf6 29. Rxf6 Qh7 30. Qg5+ Kh8 31. Rh6 Rf8 32.
Rxh7+ Kxh7 33. h3 Rf1+ 34. Kh2 cxd3 35. cxd3 Rf7 36. Qh4+ Kg6 37. Qe4+ Kf6
38. Qd4+ {Black resigns} 1-0

[Event "ICC tourney 2883 (40 5)"]
[Site "Internet Chess Club"]
[Date "2022.04.16"]
[Round "4"]
[White "LIN, GABRIEL:danaglin"]
[Black "SCHWETKE, DOUGLAS:Bilbo"]
[Result "1-0"]
[ICCResult "Black resigns"]
[WhiteElo "1505"]
[BlackElo "1444"]
[Opening "Sicilian: Alapin's variation (2.c3)"]
[ECO "B22"]
[NIC "SI.46"]
[Time "17:00:37"]
[PlyCount "69"]
[TimeControl "2400+5"]

1. e4 c5 2. c3 Nf6 3. e5 Nd5 4. d4 Nc6 5. Bc4 Nc7 6. Nf3 d5 7. exd6 exd6 8.
Ng5 d5 9. Bb3 Be7 10. Nf3 O-O 11. O-O Bg4 12. dxc5 Bxc5 13. Qd3 Bxf3 14.
Qxf3 d4 15. Rd1 Ne6 16. Bd5 Rc8 17. a4 Rc7 18. b4 Be7 19. Bb2 Qc8 20. b5 Ne5
21. Qg3 Nc4 22. Bxc4 Rxc4 23. cxd4 Rc2 24. Bc3 Bf6 25. Qd3 Rxc3 26. Nxc3
Bxd4 27. Rac1 Rd8 28. Qf3 Qb8 29. Ne2 Bb6 30. Rxd8+ Bxd8 31. h3 Bf6 32. Qd5
h6 33. Qd7 Qe5 34. Ng3 Nc5 35. Qc8+ {Black resigns} 1-0

[Event "ICC tourney 2883 (40 5)"]
[Site "Internet Chess Club"]
[Date "2022.04.16"]
[Round "4"]
[White "GHOSH, YOHAN:luckylion"]
[Black "WANG, JACOB S:JACOBCHESS857"]
[Result "1-0"]
[ICCResult "Black checkmated"]
[WhiteElo "1035"]
[BlackElo "1397"]
[Opening "Giuoco Pianissimo: Italian four knights variation"]
[ECO "C50"]
[NIC "IG.02"]
[Time "17:01:47"]
[PlyCount "79"]
[TimeControl "2400+5"]

1. e4 e5 2. Nf3 Nc6 3. Bc4 Bc5 4. d3 Nf6 5. Nc3 O-O 6. Bg5 h6 7. Bh4 Be7 8.
h3 d6 9. O-O Be6 10. Bb3 Re8 11. Qd2 Rc8 12. Rfe1 Nd4 13. Nxd4 exd4 14. Nb5
c5 15. Nxa7 Ra8 16. Nb5 Qb6 17. Na3 Qd8 18. f4 Nxe4 19. Rxe4 Bxh4 20. Bxe6
fxe6 21. Qe2 Qd7 22. Qg4 Bf6 23. Rae1 e5 24. Qxd7 Re7 25. Qxd6 Rf7 26. fxe5
Be7 27. Qd5 Rf8 28. Rf4 Bg5 29. Rxf7 Rxf7 30. Rf1 Bf6 31. exf6 g6 32. Qxf7+
Kxf7 33. Nc4 b5 34. Nd6+ Kf8 35. f7 g5 36. Re1 Kg7 37. Re8 Kg6 38. f8=Q Kh5
39. Qf3+ Kg6 40. Qf7# {Black checkmated} 1-0

[Event "ICC tourney 2883 (40 5)"]
[Site "Internet Chess Club"]
[Date "2022.04.16"]
[Round "4"]
[White "GUO, ELLA:SunnyCountry"]
[Black "HANKE, HARVEY:ThinkingPanda"]
[Result "0-1"]
[ICCResult "White resigns"]
[WhiteElo "1324"]
[BlackElo "1642"]
[Opening "Giuoco Piano"]
[ECO "C54"]
[NIC "IG.02"]
[Time "17:00:11"]
[PlyCount "86"]
[TimeControl "2400+5"]

1. e4 e5 2. Nf3 Nc6 3. Bc4 Bc5 4. c3 Nf6 5. d3 O-O 6. Nbd2 d5 7. exd5 Nxd5
8. O-O Bg4 9. Re1 Nb6 10. Bb3 Qxd3 11. Bc2 Qd8 12. b4 Be7 13. h3 Bh5 14. Bb2
Bf6 15. Ne4 Be7 16. Qe2 f6 17. Ng3 Bf7 18. Red1 Qe8 19. Nf5 Nc4 20. Nxe7+
Qxe7 21. Qd3 e4 22. Qxe4 Qxe4 23. Bxe4 Nxb2 24. Rd7 Rac8 25. b5 Na5 26. Rb1
Nbc4 27. Rbd1 Nd6 28. Bc2 Rfd8 29. Re7 Re8 30. Rde1 Rxe7 31. Rxe7 Kf8 32.
Re2 Nxb5 33. Re3 Nd6 34. Nd4 Bg6 35. Ba4 c6 36. Kf1 Re8 37. Rf3 Ne4 38. Kg1
Nd2 39. Rg3 Re1+ 40. Kh2 Nf1+ 41. Kg1 Nxg3+ 42. Kh2 Nf5 43. Nf3 Ra1
{White resigns}
0-1

[Event "ICC tourney 2883 (40 5)"]
[Site "Internet Chess Club"]
[Date "2022.04.16"]
[Round "4"]
[White "SARAFUDINOV, ANDREY:whyyoutrysohard"]
[Black "VIDENA, DANIEL TUAPEN:Davide25"]
[Result "0-1"]
[ICCResult "White resigns"]
[WhiteElo "1528"]
[BlackElo "1674"]
[Opening "Catalan opening"]
[ECO "E00"]
[NIC "CA.01"]
[Time "17:00:20"]
[PlyCount "64"]
[TimeControl "2400+5"]

1. d4 Nf6 2. c4 e6 3. g3 Bb4+ 4. Bd2 Bxd2+ 5. Nxd2 d5 6. Ngf3 Nbd7 7. Bg2 b6
8. O-O Bb7 9. Ne5 O-O 10. Qc2 c5 11. Nxd7 Nxd7 12. cxd5 exd5 13. dxc5 bxc5
14. Nb3 Qb6 15. Rfd1 c4 16. Nd4 Nf6 17. e3 Rfe8 18. Ne2 Rac8 19. Nc3 Re5 20.
Rd4 Rd8 21. Rad1 Bc6 22. R1d2 Qa5 23. Qd1 Rd7 24. Bh3 Rde7 25. Bg2 Rd7 26.
e4 dxe4 27. Rxc4 Rxd2 28. Qxd2 Qb6 29. Qf4 Re8 30. Bxe4 Nxe4 31. Nxe4 Bd5
32. Rc2 f5 {White resigns} 0-1

[Event "ICC tourney 2883 (40 5)"]
[Site "Internet Chess Club"]
[Date "2022.04.16"]
[Round "5"]
[White "WU, WINSTON:K01-30022609"]
[Black "SCHWETKE, DOUGLAS:Bilbo"]
[Result "1-0"]
[ICCResult "Black resigns"]
[WhiteElo "1428"]
[BlackElo "1444"]
[Opening "Sicilian: Alapin's variation (2.c3)"]
[ECO "B22"]
[NIC "SI.46"]
[Time "19:00:27"]
[PlyCount "27"]
[TimeControl "2400+5"]

1. e4 c5 2. c3 d5 3. exd5 Nf6 4. c4 e6 5. dxe6 Bxe6 6. Nf3 Nc6 7. Be2 Be7 8.
Nc3 O-O 9. O-O Qc7 10. d3 Rad8 11. Bd2 Rfe8 12. Nb5 Qb6 13. a4 a6 14. a5
{Black resigns}
1-0

[Event "ICC tourney 2883 (40 5)"]
[Site "Internet Chess Club"]
[Date "2022.04.16"]
[Round "5"]
[White "WILLY, STEPHEN:stephenwilly"]
[Black "AKULA, MAHIT:Judtyr123"]
[Result "0-1"]
[ICCResult "White checkmated"]
[WhiteElo "1809"]
[BlackElo "1446"]
[Opening "Caro-Kann: two knights, 3...Bg4"]
[ECO "B11"]
[NIC "CK.01"]
[Time "19:00:23"]
[PlyCount "74"]
[TimeControl "2400+5"]

1. e4 c6 2. Nc3 d5 3. Nf3 Bg4 4. h3 Bxf3 5. Qxf3 e6 6. d4 dxe4 7. Nxe4 Qxd4
8. Bd2 Qxb2 9. Bc3 Bb4 10. Nd6+ Kd7 11. Qxf7+ Ne7 12. Bxb4 Qxb4+ 13. Ke2
Kxd6 14. Qxg7 Qe4+ 15. Kd2 Nd7 16. Rd1 Rhg8 17. Kc1+ Nd5 18. Qb2 Kc7 19. c4
Nf4 20. f3 Qe3+ 21. Kb1 Nc5 22. Qb4 Ncd3 23. Qe7+ Kb6 24. Bxd3 Nxd3 25. Kc2
Rxg2+ 26. Kb1 Rb2+ 27. Ka1 Qe2 28. Qa3 Rg8 29. Rxd3 Rxa2+ 30. Qxa2 Qxd3 31.
Rb1+ Kc7 32. Qxa7 Qc3+ 33. Rb2 Qc1+ 34. Rb1 Qc3+ 35. Ka2 Rg2+ 36. Qf2 Rxf2+
37. Rb2 Qxb2# {White checkmated} 0-1

[Event "ICC tourney 2883 (40 5)"]
[Site "Internet Chess Club"]
[Date "2022.04.16"]
[Round "5"]
[White "VIDENA, DANIEL TUAPEN:Davide25"]
[Black "GHOSH, YOHAN:luckylion"]
[Result "0-1"]
[ICCResult "White resigns"]
[WhiteElo "1674"]
[BlackElo "1035"]
[Opening "King's Indian: 5.Nf3"]
[ECO "E90"]
[NIC "KI.22"]
[Time "19:02:38"]
[PlyCount "82"]
[TimeControl "2400+5"]

1. d4 Nf6 2. c4 g6 3. Nc3 Bg7 4. e4 d6 5. Nf3 c6 6. Be2 Bd7 7. Be3 a5 8. Qd2
Na6 9. a3 Qc7 10. O-O O-O 11. Rac1 c5 12. Rfd1 Bc6 13. Bd3 Ng4 14. Nb5 Qd7
15. Bf4 cxd4 16. Nfxd4 e5 17. Be2 Nf6 18. f3 exf4 19. Qxf4 Rfd8 20. Nxc6
Qxc6 21. Nxd6 Qb6+ 22. Kf1 Rd7 23. e5 Nh5 24. Qg4 Rad8 25. f4 Bf8 26. Ne4
Rxd1+ 27. Rxd1 Rxd1+ 28. Bxd1 Qe3 29. f5 Qf4+ 30. Qxf4 Nxf4 31. fxg6 hxg6
32. Bc2 Bg7 33. g3 Ne6 34. Nf6+ Bxf6 35. exf6 Kf8 36. Kf2 Ke8 37. Ke3 Nac5
38. b4 axb4 39. axb4 Nd7 40. Ke4 Nxf6+ 41. Kf3 Nd4+ {White resigns} 0-1

[Event "ICC tourney 2883 (40 5)"]
[Site "Internet Chess Club"]
[Date "2022.04.16"]
[Round "5"]
[White "PU, LANDON:landonp"]
[Black "CHENG, ADRIEN WEIHENG:hi321"]
[Result "1-0"]
[ICCResult "Black resigns"]
[WhiteElo "1643"]
[BlackElo "1579"]
[Opening "Ruy Lopez: Graz variation"]
[ECO "C70"]
[NIC "RL.09"]
[Time "19:01:40"]
[PlyCount "57"]
[TimeControl "2400+5"]

1. e4 e5 2. Nf3 Nc6 3. Bb5 a6 4. Ba4 b5 5. Bb3 Bc5 6. O-O Nf6 7. a4 b4 8. c3
bxc3 9. bxc3 Ba7 10. d4 O-O 11. Re1 exd4 12. cxd4 d5 13. exd5 Nxd5 14. Ba3
Be6 15. Bxf8 Kxf8 16. Qd3 Kg8 17. Bxd5 Qxd5 18. Nc3 Qh5 19. Rab1 Rd8 20.
Qxa6 Bb6 21. d5 Bxd5 22. Nxd5 Qxd5 23. Qe2 h6 24. Rbd1 Nd4 25. Nxd4 Bxd4 26.
Qb5 Qa2 27. Re8+ Rxe8 28. Qxe8+ Kh7 29. Qe4+ {Black resigns} 1-0

[Event "ICC tourney 2883 (40 5)"]
[Site "Internet Chess Club"]
[Date "2022.04.16"]
[Round "5"]
[White "GRESEN, EVAN MICHAEL:EVMIGR"]
[Black "SARAFUDINOV, ANDREY:whyyoutrysohard"]
[Result "0-1"]
[ICCResult "White resigns"]
[WhiteElo "1566"]
[BlackElo "1528"]
[Opening "Scandinavian (center counter) defense"]
[ECO "B01"]
[NIC "SD.02"]
[Time "19:00:27"]
[PlyCount "106"]
[TimeControl "2400+5"]

1. e4 d5 2. exd5 Qxd5 3. Nc3 Qd8 4. d4 Nf6 5. Be2 Bf5 6. Bf4 e6 7. Nf3 Be7
8. h3 O-O 9. a3 c5 10. Qd2 Nc6 11. O-O-O cxd4 12. Nxd4 Nxd4 13. Qxd4 Qxd4
14. Rxd4 Bc5 15. Rc4 Bxf2 16. Rf1 Bb6 17. Be5 Nd7 18. Bh2 Rfd8 19. h4 h6 20.
g4 Bh7 21. g5 hxg5 22. hxg5 Be3+ 23. Kb1 Bxg5 24. Rg4 Bf6 25. Nb5 Bf5 26.
Rgg1 Nc5 27. Nd6 Bg6 28. Bc4 Kf8 29. b4 Ne4 30. Nxe4 Bxe4 31. Rf4 Bf5 32.
Rg2 Rd1+ 33. Ka2 Ra1+ 34. Kb3 Rb1+ 35. Ka4 a6 36. Rxf5 exf5 37. Bd6+ Ke8 38.
Re2+ Kd7 39. Rd2 b5+ 40. Bxb5+ axb5+ 41. Kxb5 Rxa3 42. Bc5+ Kc7 43. Bb6+ Kc8
44. c4 Rab3 45. Ba5 Rxb4+ 46. Bxb4 Bc3 47. Re2 Rxb4+ 48. Kc5 Rb7 49. Kc6
Rc7+ 50. Kd5 Kd7 51. c5 Bb4 52. c6+ Rxc6 53. Rb2 Rb6 {White resigns} 0-1

[Event "ICC tourney 2883 (40 5)"]
[Site "Internet Chess Club"]
[Date "2022.04.16"]
[Round "5"]
[White "HANKE, HARVEY:ThinkingPanda"]
[Black "LIN, GABRIEL:danaglin"]
[Result "1-0"]
[ICCResult "Black resigns"]
[WhiteElo "1642"]
[BlackElo "1505"]
[Opening "French: exchange variation"]
[ECO "C01"]
[NIC "FR.01"]
[Time "19:01:14"]
[PlyCount "57"]
[TimeControl "2400+5"]

1. e4 e6 2. d4 d5 3. exd5 exd5 4. Nf3 Bd6 5. Bd3 Nf6 6. O-O c6 7. Re1+ Be6
8. Ng5 O-O 9. Rxe6 fxe6 10. Nxe6 Bxh2+ 11. Kh1 Qd6 12. Nxf8 Kxf8 13. Qf3 h5
14. g3 Bxg3 15. Qxg3 Qb4 16. c3 Qe7 17. f3 Nbd7 18. Bf4 Kg8 19. Nd2 Re8 20.
Bd6 Qe3 21. Rg1 Qh6 22. Bf4 Qh8 23. Qg6 Kf8 24. Bd6+ Kg8 25. Be5 Kf8 26.
Bd6+ Kg8 27. Bf5 Re2 28. Be5 Rxd2 29. Be6+ {Black resigns} 1-0

[Event "ICC tourney 2883 (40 5)"]
[Site "Internet Chess Club"]
[Date "2022.04.16"]
[Round "5"]
[White "WANG, JACOB S:JACOBCHESS857"]
[Black "GUO, ELLA:SunnyCountry"]
[Result "1-0"]
[ICCResult "Black resigns"]
[WhiteElo "1397"]
[BlackElo "1324"]
[Opening "Sicilian"]
[ECO "B50"]
[NIC "SI.01"]
[Time "19:00:33"]
[PlyCount "135"]
[TimeControl "2400+5"]

1. e4 c5 2. Nf3 d6 3. c3 Nc6 4. Be2 e6 5. O-O Nf6 6. d3 Be7 7. Re1 O-O 8.
Bf1 a6 9. d4 cxd4 10. cxd4 b5 11. Bg5 Bb7 12. Nbd2 Rc8 13. Rc1 Qd7 14. Bd3
Rfe8 15. Nb3 Nb4 16. Bb1 Red8 17. a3 Nc6 18. Qe2 Ne8 19. d5 Nb8 20. dxe6
fxe6 21. Bxe7 Qxe7 22. Nfd4 Nc6 23. Qg4 Nxd4 24. Nxd4 Nc7 25. Ba2 Re8 26.
Rxc7 Rxc7 27. Nxe6 Kh8 28. Nxc7 Qxc7 29. Qh5 Qd7 30. f3 d5 31. Rd1 d4 32.
Bf7 Rf8 33. Bg6 h6 34. Bf5 Qd6 35. g4 d3 36. Kg2 Bc8 37. Qg6 Qxg6 38. Bxg6
Rd8 39. Rd2 a5 40. Kf2 b4 41. axb4 axb4 42. e5 Ba6 43. Ke3 Kg8 44. Bxd3 Bxd3
45. Rxd3 Rc8 46. Kd2 Kf7 47. Rd4 Rb8 48. f4 Rb5 49. h3 Ke6 50. Rd6+ Ke7 51.
Rc6 Rd5+ 52. Ke2 Rd4 53. Ke3 Rd1 54. Rb6 Rh1 55. Rxb4 Rxh3+ 56. Kf2 Rh2+ 57.
Kg3 Rd2 58. f5 Re2 59. Rb7+ Kf8 60. e6 Re5 61. b4 Re3+ 62. Kf4 Re1 63. b5
Re2 64. b6 Re1 65. Rc7 Rb1 66. b7 Rb4+ 67. Kg3 Rb3+ 68. Kh4 {Black resigns}
1-0